 Dungeon Crawl Stone Soup version 0.23.0 (webtiles) character file.

Game seed: 12675649127915481287

9777 zishaf the Fighter (level 11, -1/95 HPs)
             Began as a Yellow Draconian Ice Elementalist on Feb 18, 2019.
             Was a Priest of the Shining One.
             Shot with an arrow by a deep elf archer (7 damage)
             ... on level 10 of the Dungeon.
             The game lasted 00:30:33 (14328 turns).

zishaf the Fighter (DrIE)                          Turns: 14328, Time: 00:30:34

Health: -1/95      AC: 10    Str: 11    XL:     11   Next: 27%
Magic:  2/17       EV: 15    Int: 18    God:    the Shining One [***...]
Gold:   729        SH:  8    Dex: 12    Spells: 7/18 levels left

rFire    . . .     SeeInvis .   b - +1 fustibalus
rCold    . . .     Gourm    .   u - +3 buckler
rNeg     + . .     Faith    .   (armour unavailable)
rPois    .         Spirit   .   (helmet restricted)
rElec    .         Reflect  .   G - +0 cloak
rCorr    .         Harm     .   t - +0 pair of gloves
MR       .....                  (no boots)
Stlth    +.........             y - amulet of magic regeneration
HPRegen  0.25/turn              J - +1 ring of protection
MPRegen  0.40/turn              (no ring)

@: glowing
A: spit acid, unfitting armour, cold-blooded, AC +7
a: Breathe Acid, Divine Shield, Renounce Religion


You were on level 10 of the Dungeon.
You worshipped the Shining One.
The Shining One was most pleased with you.
You were very hungry.

You visited 2 branches of the dungeon, and saw 11 of its levels.

You collected 729 gold pieces.

Inventory:

Hand Weapons
 a - a +2 dagger of electrocution
 b - a +1 fustibalus (weapon)
Missiles
 g - 185 stones (quivered)
 s - 38 sling bullets
Armour
 t - a +0 pair of gloves (worn)
 u - a +3 buckler (worn)
 G - a +0 cloak (worn)
Jewellery
 y - an amulet of magic regeneration (around neck)
 J - a +1 ring of protection (left hand)
Wands
 m - a wand of clouds (3)
 F - a wand of polymorph (8)
 I - a wand of flame (14)
Scrolls
 e - a scroll of magic mapping {unknown}
 f - a scroll of fear
 i - a scroll of blinking
 j - 9 scrolls of remove curse
 k - 3 scrolls of fog
 p - 2 scrolls of enchant weapon
 q - 5 scrolls of amnesia
 r - 4 scrolls of teleportation
 A - a scroll of enchant armour
Potions
 c - 5 potions of might
 d - a potion of berserk rage {unknown}
 h - a potion of agility
 l - 3 potions of curing
 o - a potion of ambrosia {unknown}
 w - 3 potions of cancellation
 x - 2 potions of degeneration {unknown}
 z - 3 potions of brilliance
 B - a potion of haste
 C - 2 potions of heal wounds
 D - a potion of lignification {unknown}
 E - 2 potions of flight
 H - a potion of mutation {unknown}
Comestibles
 v - 15 rations


   Skills:
 + Level 8.8 Fighting
 + Level 6.9 Dodging
 - Level 2.0 Stealth
 - Level 4.0 Shields
 - Level 4.0 Spellcasting
 - Level 5.0 Conjurations
 - Level 6.0 Summonings
 + Level 8.2 Ice Magic
 + Level 7.1 Invocations


You had 7 spell levels left.
You knew the following spells:

 Your Spells              Type           Power        Failure   Level  Hunger
a - Freeze                Ice            ####         1%          1    None
b - Throw Frost           Conj/Ice       ####..       1%          2    ##.....
c - Throw Icicle          Conj/Ice       ####....     10%         4    ####...
d - Summon Ice Beast      Ice/Summ       ####....     8%          4    ####...

Your spell library contained the following spells:

 Spells                   Type           Power        Failure   Level  Hunger
 Ozocubu's Armour         Chrm/Ice       ###.....     9%          3    ###....


Dungeon Overview and Level Annotations

Branches:
Dungeon (10/15)            Temple (1/1) D:5            Lair (0/6) D:9
    Orc: D:9-12

Altars:
Ashenzari
Cheibriados
Dithmenos
Elyvilon
Fedhas
Gozag
Hepliaklqana
Kikubaaqudgha
Makhleb
Nemelex Xobeh
Okawaru
Qazlal
Ru
Sif Muna
Trog
Uskayaw
Vehumet
Wu Jian
Xom
Yredelemnul
Zin
The Shining One

Shops:
D:10 [(*

Annotations:
D:8 Prince Ribbit


Innate Abilities, Weirdness & Mutations

You can spit globs of acid.
Your golden yellow scales are hard. (AC +7)
You cannot fit into any form of body armour.
You are cold-blooded and may be slowed by cold attacks.


Message History

The wolf spider is almost dead.
The wolf spider hits you!!
* * * LOW HITPOINT WARNING * * *
The wolf spider bites you.
* * * LOW HITPOINT WARNING * * *
The deep elf archer blinks!
The wolf spider barely misses you.
The wolf spider bites you but does no damage.
Casting: Freeze (safe; 1% risk of failure)
Confirm with . or Enter, or press ? or * to list all spells.
Aiming: Freeze (safe; 1% risk of failure)
Press: ? - help, Shift-Dir - straight line, f/p - wolf spider
Aim: a wolf spider (almost dead, clinging, haloed)
You freeze the wolf spider.
You kill the wolf spider!
The deep elf archer unwields a +0 dagger.
The deep elf archer wields a +0 longbow.
The deep elf archer shoots an arrow.
The arrow hits you.
* * * LOW HITPOINT WARNING * * *
The deep elf archer shoots an arrow.
The arrow hits you!
You die...

###. .... #### #
######### ####
#e..#...# .(.#
#/.§)(..# ##.###
#...#@..# ..∩..#
#.. #.).# .#.#.#
#. #..## ##.#.# #
###..# .#...#
##.#..# .#...#
##..'.## #.#.#
#.(.#.#
#.#.########'####
#.###.........#


You could see a deep elf archer.

Vanquished Creatures
  A two-headed ogre (D:8)
  An unseen horror (D:10)
  An orc knight (D:10)
  A wolf spider (D:10)
  A cyclops (D:10)
  A manticore (D:10)
  An ugly thing (D:10)
  Maurice (D:8)
  Grinder (D:3)
  A hippogriff (D:8)
  A redback (D:10)
  The ghost of Snack the Scratcher, an amateur FeWr (D:4)
  2 yaks (D:7)
  Eustachio (D:6)
  2 hogs (D:7)
  A human (D:7)
  A vampire mosquito (D:10)
  A hungry ghost (D:7)
  2 water moccasins
  A hornet zombie (D:5)
  A phantom (D:8)
  A sky beast (D:7)
  4 orc warriors
  3 ogres
  2 necrophages
  3 centaurs
  A big kobold (D:7)
  Blork the orc (D:6)
  3 bullfrogs
  2 wyvern skeletons
  4 scorpions
  8 killer bees
  A wight (D:5)
  A howler monkey (D:8)
  8 crimson imps
  A bullfrog zombie (D:8)
  2 quasits (D:9)
  Crazy Yiuf (D:3)
  7 hounds
  5 jellies
  7 orc priests
  10 orc wizards
  4 iguanas
  10 worker ants
  A hound zombie (D:7)
  Robin (D:3)
  A worker ant zombie (D:10)
  9 adders
  10 gnolls
  4 shadow imps
  An adder zombie (D:5)
  An adder skeleton (D:4)
  A worm (D:4)
  2 dart slugs
  3 leopard geckos
  41 orcs
  4 bats
  3 giant cockroaches
  12 goblins
  5 hobgoblins
  2 jackals (D:8)
  7 quokkas
  7 frilled lizards
  A giant cockroach zombie (D:5)
  A jackal skeleton (D:6)
  12 kobolds
  A quokka zombie (D:5)
  3 rats
246 creatures vanquished.

Notes
Turn   | Place    | Note
-------+----------+-------------------------------------------
     0 | D:1      | zishaf the Draconian Ice Elementalist began the quest for
                  | the Orb.
     0 | D:1      | Reached XP level 1. HP: 14/14 MP: 3/3
    86 | D:1      | Reached XP level 2. HP: 20/20 MP: 1/5
   130 | D:1      | Learned a level 2 spell: Throw Frost
   335 | D:1      | Found a snail-covered altar of Cheibriados.
   867 | D:2      | Reached XP level 3. HP: 27/27 MP: 3/6
  1370 | D:3      | Reached skill level 1 in Fighting
  1640 | D:3      | Found an opulent altar of Gozag.
  1739 | D:3      | Noticed Robin
  1752 | D:3      | Noticed Grinder
  2250 | D:3      | Killed Robin
  2250 | D:3      | Reached XP level 4. HP: 14/35 MP: 1/7
  2261 | D:3      | Paralysed by Grinder for 4 turns
  2984 | D:4      | Found an ornate altar of the Wu Jian Council.
  3021 | D:4      | Reached XP level 5. HP: 36/41 MP: 3/9
  3056 | D:3      | Learned a level 4 spell: Throw Icicle
  3996 | D:4      | Reached skill level 1 in Shields
  3996 | D:4      | Reached XP level 6. HP: 17/50 MP: 5/10
  4309 | D:4      | Found a runed translucent gate.
  4309 | D:4      | Found a runed translucent gate.
  4309 | D:4      | Found a runed translucent gate.
  4309 | D:4      | Noticed Snack's ghost (amateur FeWr)
  4325 | D:4      | Killed Snack's ghost
  4745 | D:5      | Entered Level 5 of the Dungeon
  4788 | D:5      | Your scales start taking on a golden yellow colour.
  4788 | D:5      | Reached XP level 7. HP: 53/57 MP: 6/11
  5535 | D:5      | Found a staircase to the Ecumenical Temple.
  5666 | Temple   | Entered the Ecumenical Temple
  5830 | Temple   | Became a worshipper of the Shining One
  6002 | D:5      | Reached skill level 5 in Ice Magic
  6274 | D:5      | Reached XP level 8. HP: 39/67 MP: 9/12
  6293 | D:5      | HP: 3/67 [hornet zombie (10)]
  6317 | D:5      | HP: 1/67 [hornet zombie (6)]
  6904 | D:6      | Reached skill level 5 in Fighting
  6915 | D:6      | Learned a level 4 spell: Summon Ice Beast
  6915 | D:6      | Noticed Eustachio
  7088 | D:6      | Killed Eustachio
  7088 | D:6      | Reached skill level 1 in Summonings
  7088 | D:6      | Reached skill level 1 in Invocations
  7427 | D:6      | Found a sparkling altar of Nemelex Xobeh.
  7453 | D:6      | Reached * piety under the Shining One
  8649 | D:6      | Found a sacrificial altar of Ru.
  8702 | D:6      | Noticed Blork the orc
  8709 | D:6      | Killed Blork the orc
  8742 | D:6      | Reached skill level 5 in Conjurations
  8995 | D:7      | Reached XP level 9. HP: 63/75 MP: 3/13
  9630 | D:7      | Reached ** piety under the Shining One
 10401 | D:7      | Reached skill level 5 in Dodging
 10776 | D:8      | Reached XP level 10. HP: 81/86 MP: 11/14
 11128 | D:9      | Found a staircase to the Lair.
 11210 | D:9      | Reached skill level 5 in Invocations
 11777 | D:8      | Noticed Prince Ribbit
 11959 | D:8      | Noticed Maurice
 11966 | D:8      | Killed Maurice
 12207 | D:8      | Reached *** piety under the Shining One
 12239 | D:8      | Reached skill level 5 in Summonings
 12301 | D:8      | Noticed a two-headed ogre
 12309 | D:8      | Killed a two-headed ogre
 12667 | D:3      | Paralysed by Grinder for 6 turns
 12673 | D:3      | Killed Grinder
 12764 | D:3      | Found a runed translucent door.
 12765 | D:3      | Noticed Crazy Yiuf
 12798 | D:3      | Killed Crazy Yiuf
 13271 | D:10     | Entered Level 10 of the Dungeon
 13271 | D:10     | Noticed a manticore
 13279 | D:10     | Killed a manticore
 13301 | D:10     | Found Istrifaitz's Armour Boutique.
 13337 | D:10     | Found Hywid's Weapon Shoppe.
 13750 | D:10     | Found Fuomus Efro's Assorted Antiques.
 13996 | D:10     | Got a heavily runed chain mail
 14047 | D:10     | Noticed a white ugly thing
 14048 | D:10     | Noticed an unseen horror
 14050 | D:10     | Killed a white ugly thing
 14053 | D:10     | Killed an unseen horror
 14053 | D:10     | Reached XP level 11. HP: 58/95 MP: 17/17
 14298 | D:10     | Noticed an orc knight
 14310 | D:10     | Noticed a wolf spider
 14314 | D:10     | Killed an orc knight
 14315 | D:10     | Noticed a deep elf archer
 14327 | D:10     | Killed a wolf spider
 14328 | D:10     | Shot with an arrow by a deep elf archer

Skill      XL: |  1  2  3  4  5  6  7  8  9 10 11 |
---------------+----------------------------------+-----
Stealth        | 2 |  2.0
Dodging        | 2 3 5 6 |  6.9
Fighting       | 1 2 3 4 5 7 8 |  8.8
Spellcasting   | 3 4 |  4.0
Ice Magic      | 4 5 6 7 8 |  8.2
Conjurations   | 2 3 5 |  5.0
Shields        | 1 2 4 |  4.0
Summonings     | 2 4 6 |  6.0
Invocations    | 2 4 6 7 |  7.1

Action                   |  1- 3 |  4- 6 |  7- 9 | 10-12 || total
-------------------------+-------+-------+-------+-------++-------
Melee: Unarmed           |    12 |       |       |       ||    12
       Tailslap          |     4 |     8 |       |     7 ||    19
       Dagger            |    14 |       |       |    64 ||    78
       Whip              |     8 |    33 |       |       ||    41
       Fustibalus        |       |       |     2 |       ||     2
 Fire: Fustibalus        |       |    26 |   226 |    93 ||   345
 Cast: Freeze            |    63 |    89 |   240 |   163 ||   555
       Throw Frost       |       |     1 |     5 |       ||     6
       Throw Icicle      |       |       |     6 |    15 ||    21
Invok: Divine Shield     |       |       |       |     1 ||     1
 Abil: Breathe Acid      |       |       |    10 |     6 ||    16
Evoke: Wand              |       |       |       |    11 ||    11
  Use: Potion            |       |     2 |     2 |     1 ||     5
       Scroll            |       |     1 |     4 |     8 ||    13
 Stab: Sleeping          |     2 |     1 |       |       ||     3
  Eat: Chunk             |     5 |     8 |    18 |     8 ||    39
       Ration            |       |       |     3 |     2 ||     5
Armor: Skin              |    28 |    28 |    60 |    60 ||   176
Dodge: Dodged            |    68 |    73 |   162 |   125 ||   428
Block: Buckler           |       |    10 |    90 |    74 ||   174
